[Event "Titled Tuesday Blitz December 06 Late 2022"]
[White "Quinones Garcia, Santiago"]
[Black "Cuevas Araya, Walter"]
[WhiteFideId "4408497"]
[BlackFideId "3405028"]
[WhiteElo "2249"]
[BlackElo "1957"]
[Result "1-0"]
[Round "07"]
[TimeControl "180+1"]
[Date "2022.12.07"]
[WhiteClock "0:01:09"]
[BlackClock "0:00:08"]

1. e4 c6 2. d4 d5 3. exd5 cxd5 4. c4 Nf6 5. Nc3 g6 6. Nf3 Bg7 7. cxd5 Nxd5 8. Bc4 Nxc3 9. bxc3 O-O 10. O-O Bg4 11. h3 Bd7 12. Re1 e6 13. Ne5 Nc6 14. Ba3 Nxe5 15. dxe5 Re8 16. Bd6 Bc6 17. Qe2 Qg5 18. f3 Rad8 19. Rad1 Qf4 20. Bb5 Bxb5 21. Qxb5 b6 22. Rd4 Qg3 23. Red1 Bf8 24. Rg4 Rxd6 25. exd6 Qxg4 26. hxg4 Rd8 27. d7 Bc5+ 28. Kh2 Kf8 29. Qa6 Ke7 30. Qxa7 h6 31. a4 Bd6+ 32. Kg1 Rxd7 33. Qxb6 h5 34. gxh5 gxh5 35. Kf1 f5 36. a5 h4 37. a6 h3 38. gxh3 Bc7 39. Rxd7+ Kxd7 40. Qxe6+ Kxe6 41. a7 Be5 42. c4 Bd4 43. a8=Q Ke5 44. Qd5+ 1-0


[Site "https://www.chess.com"]

[Event "Titled Tuesday Blitz December 06 Late 2022"]
[White "Quizon, Daniel"]
[Black "Lewicki, Miroslaw"]
[WhiteFideId "5217911"]
[BlackFideId "1113380"]
[WhiteElo "2385"]
[BlackElo "2191"]
[Result "0-1"]
[Round "07"]
[TimeControl "180+1"]
[Date "2022.12.06"]
[WhiteClock "0:00:03"]
[BlackClock "0:00:22"]

1. e4 b6 2. d4 Bb7 3. Nc3 g6 4. h4 h5 5. Bc4 e6 6. Bg5 Be7 7. Qd2 Nf6 8. f3 Nh7 9. Bxe7 Qxe7 10. O-O-O Nc6 11. d5 Ne5 12. Qd4 Qf6 13. Nge2 O-O-O 14. Bb3 Kb8 15. f4 Ng4 16. e5 Qe7 17. d6 cxd6 18. exd6 Qf6 19. Qa4 Nf2 20. Nb5 a5 21. Nc7 Nxh1 22. Qb5 Ka7 23. Rxh1 Qf5 24. Qc4 Qc5 25. Qd3 Nf6 26. Nc3 Ng4 27. Re1 Qf2 28. Re4 Bxe4 29. Qa6+ Kb8 30. Nd1 Bb7 31. Qb5 Qxf4+ 32. Kb1 Qxd6 33. a4 Qxd1+ 34. Ka2 Kxc7 0-1


[Site "https://www.chess.com"]

[Event "Titled Tuesday Blitz December 06 Late 2022"]
[White "Radovanovic, Dusan"]
[Black "Manukyan, Sargis A."]
[WhiteFideId "926868"]
[BlackFideId "13303970"]
[WhiteElo "2337"]
[BlackElo "2187"]
[Result "0-1"]
[Round "07"]
[TimeControl "180+1"]
[Date "2022.12.07"]
[WhiteClock "0:01:47"]
[BlackClock "0:02:31"]

1. e4 c5 2. Nf3 Nc6 3. Bb5 g6 4. O-O Bg7 5. c3 a6 6. Bxc6 bxc6 7. d4 cxd4 8. cxd4 Nf6 9. Nc3 O-O 10. h3 d5 11. e5 Ne4 12. Na4 Rb8 13. b3 c5 14. Nxc5 Nxc5 15. dxc5 d4 16. Re1 d3 17. Bb2 Bb7 18. Rc1 Bxf3 0-1


[Site "https://www.chess.com"]

[Event "Titled Tuesday Blitz December 06 Late 2022"]
[White "Rama, Tejas"]
[Black "Renjith, Sravan"]
[WhiteFideId "30907381"]
[BlackFideId "4306783"]
[WhiteElo "2089"]
[BlackElo "2072"]
[Result "1-0"]
[Round "07"]
[TimeControl "180+1"]
[Date "2022.12.07"]
[WhiteClock "0:00:05"]
[BlackClock "0:00:12"]

1. d4 d5 2. c4 e6 3. Nf3 c5 4. cxd5 exd5 5. g3 Nc6 6. Bg2 Nf6 7. O-O Be7 8. dxc5 Bxc5 9. b3 O-O 10. Bb2 a6 11. Nbd2 Qe7 12. Rc1 Ne4 13. Ne1 Rd8 14. Nd3 Bd4 15. Rxc6 Bxb2 16. Rxc8 Raxc8 17. Nxb2 Nc3 18. Qa1 Nxe2+ 19. Kh1 Rc2 20. Nf3 d4 21. Nd3 Nc3 22. Re1 Qf6 23. a4 g5 24. h3 h5 25. Qa3 g4 26. hxg4 hxg4 27. Nh2 Rxf2 28. Nxf2 Qxf2 29. Qe7 Rf8 30. Nxg4 Qc2 31. Nf6+ Kg7 32. Nh5+ Kg8 33. Nf6+ Kg7 34. Qe5 Qg6 35. Nd7+ Kg8 36. Nxf8 Kxf8 37. Qb8+ Kg7 38. Qe5+ Kg8 39. Qe8+ Kg7 40. Qe5+ Kg8 41. Qf4 Qh5+ 42. Qh4 Qg6 43. Re8+ Kg7 44. Qh8# 1-0


[Site "https://www.chess.com"]

[Event "Titled Tuesday Blitz December 06 Late 2022"]
[White "Rastbod, Ali"]
[Black "Jimenez Almeida, Luis David"]
[WhiteFideId "12567477"]
[BlackFideId "22242244"]
[WhiteElo "2223"]
[BlackElo "2158"]
[Result "1-0"]
[Round "07"]
[TimeControl "180+1"]
[Date "2022.12.07"]
[WhiteClock "0:00:15"]
[BlackClock "0:00:36"]

1. e4 Nf6 2. e5 Nd5 3. d4 d6 4. c4 Nb6 5. exd6 exd6 6. Nc3 Be7 7. Bd3 O-O 8. Nge2 Bg4 9. O-O Nc6 10. Be3 Re8 11. b3 Bf6 12. Rc1 Bg5 13. Qd2 Bxe3 14. fxe3 Qg5 15. Nf4 Ne7 16. Ne4 Qh6 17. Qf2 Bf5 18. Ng3 Bxd3 19. Nxd3 f6 20. Rce1 d5 21. cxd5 Nbxd5 22. e4 Nb6 23. a4 Qg6 24. Nc5 Rab8 25. a5 Nbc8 26. Nd7 Ra8 27. e5 f5 28. Qf3 Qe6 29. Nc5 Qd5 30. Nxf5 Qxf3 31. Rxf3 b6 32. Na6 Nc6 33. Nxc7 1-0


[Site "https://www.chess.com"]

[Event "Titled Tuesday Blitz December 06 Late 2022"]
[White "Reprintsev, Alexander"]
[Black "Figorito, Nick"]
[WhiteFideId "14100541"]
[BlackFideId "30923689"]
[WhiteElo "2230"]
[BlackElo "2402"]
[Result "1-0"]
[Round "07"]
[TimeControl "180+1"]
[Date "2022.12.07"]
[WhiteClock "0:00:17"]
[BlackClock "0:00:14"]

1. e4 e6 2. d4 d5 3. Nc3 Bb4 4. Ne2 Nf6 5. e5 Nfd7 6. Be3 c5 7. a3 Ba5 8. dxc5 Nxe5 9. b4 Bc7 10. Nd4 a6 11. Be2 Nbc6 12. O-O O-O 13. Qd2 Nxd4 14. Bxd4 Nc6 15. f4 Nxd4 16. Qxd4 Qf6 17. Qxf6 gxf6 18. Rad1 Bd7 19. f5 Be5 20. Rd3 Bc6 21. Bg4 d4 22. Ne2 Bb5 23. fxe6 Bxd3 24. cxd3 fxe6 25. Bxe6+ Kg7 26. Bd5 Rab8 27. Nf4 Bxf4 28. Rxf4 Rfd8 29. Be4 h5 30. Rf5 Kg6 31. Rd5+ Kh6 32. Rxd8 Rxd8 33. Bxb7 Kg5 34. c6 Re8 35. c7 Kf4 36. c8=Q Re5 37. Qc1+ Re3 38. Bxa6 Ke5 39. Qc7+ Kf5 40. Bc8+ Kg6 41. h4 Rxd3 42. Kh2 Re3 43. Qf4 Re8 44. Bf5+ Kf7 45. Qxd4 Re5 46. Qd7+ Re7 47. Bg6+ Kxg6 48. Qxe7 Kf5 49. Qg7 Kf4 50. Qxf6+ Kg4 51. Qg5# 1-0


[Site "https://www.chess.com"]

[Event "Titled Tuesday Blitz December 06 Late 2022"]
[White "Rian, Kapriaga"]
[Black "Ansh M Shah"]
[WhiteFideId "7103263"]
[BlackFideId "25033379"]
[WhiteElo "2252"]
[BlackElo "2084"]
[Result "0-1"]
[Round "07"]
[TimeControl "180+1"]
[Date "2022.12.07"]
[WhiteClock "0:00:02"]
[BlackClock "0:00:07"]

1. d4 Nf6 2. Nf3 e6 3. Bf4 d5 4. e3 Be7 5. Nbd2 O-O 6. Bd3 b6 7. Ne5 Bb7 8. Qf3 Nbd7 9. Qh3 c5 10. c3 g6 11. Bh6 Re8 12. f4 Ne4 13. Nxe4 dxe4 14. Be2 cxd4 15. exd4 f5 16. O-O Nxe5 17. fxe5 Bg5 18. Rad1 Bxh6 19. Qxh6 Qe7 20. Kh1 Qg7 21. Qg5 Qe7 22. Qh6 Rad8 23. a3 Kh8 24. Bc4 Bd5 25. Bb5 Rg8 26. Be2 g5 27. c4 Bb7 28. d5 exd5 29. Rxf5 d4 30. Rdf1 Rg6 31. Qh5 Rd7 32. Bg4 Kg7 33. Rf8 Rc7 34. R8f6 d3 35. Rxg6+ hxg6 36. Qh3 Qxe5 37. Qe3 Qc5 0-1


[Site "https://www.chess.com"]

[Event "Titled Tuesday Blitz December 06 Late 2022"]
[White "Rorrer, Grayson"]
[Black "Martin Carmona, Gaston Manuel"]
[WhiteFideId "30944996"]
[BlackFideId "22284567"]
[WhiteElo "2200"]
[BlackElo "2235"]
[Result "0-1"]
[Round "07"]
[TimeControl "180+1"]
[Date "2022.12.07"]
[WhiteClock "0:02:17"]
[BlackClock "0:01:50"]

1. e4 e6 2. d4 d5 3. Nd2 dxe4 4. Nxe4 Bd7 5. Nf3 Bc6 6. Bd3 Nd7 7. O-O Ngf6 8. Nxf6+ Nxf6 9. c3 Bxf3 10. Qxf3 c6 11. Re1 Be7 12. a4 a5 13. g3 O-O 14. h4 Qd5 15. Qe2 Rad8 16. Bc4 Qf5 17. Bd3 Qd5 18. Bc4 Qf5 19. Kg2 c5 20. dxc5 Bxc5 21. Bb3 Ng4 22. f3 Nf2 23. Bc2 Qh3+ 0-1


[Site "https://www.chess.com"]

[Event "Titled Tuesday Blitz December 06 Late 2022"]
[White "Sadhwani, Raunak"]
[Black "Bok, Benjamin"]
[WhiteFideId "35093487"]
[BlackFideId "1017063"]
[WhiteElo "2657"]
[BlackElo "2658"]
[Result "1-0"]
[Round "07"]
[TimeControl "180+1"]
[Date "2022.12.06"]
[WhiteClock "0:00:20"]
[BlackClock "0:00:04"]

1. c4 c6 2. Nf3 d5 3. e3 Nf6 4. b3 Bf5 5. Bb2 e6 6. Be2 h6 7. O-O Nbd7 8. d3 Bh7 9. Nc3 Bd6 10. h3 O-O 11. d4 Ne4 12. Nxe4 Bxe4 13. Bd3 Nf6 14. a4 Qe7 15. Qc2 Rfd8 16. Nd2 Bxd3 17. Qxd3 e5 18. dxe5 Bxe5 19. Bxe5 Qxe5 20. Nf3 Qe4 21. Rfd1 dxc4 22. Qxc4 Qxc4 23. bxc4 Ne4 24. a5 Nc5 25. Nd4 Kf8 26. g4 g6 27. h4 Rd7 28. Kg2 Rad8 29. Rh1 Ne6 30. Nxe6+ fxe6 31. Rhb1 Ke7 32. c5 Rb8 33. a6 Kd8 34. Rb4 Kc7 35. Rf4 b5 36. Rf6 b4 37. Rxe6 b3 38. Rxg6 Rb5 39. Rb1 Rd5 40. Rg7+ Kb8 41. g5 hxg5 42. hxg5 Rdxc5 43. f4 b2 44. Rh1 Rc2+ 45. Kf3 Ka8 46. Rh8+ Rb8 47. Rxb8+ Kxb8 48. Rb7+ Kc8 49. g6 Rc1 50. Rxb2 Rg1 51. Rg2 1-0


[Site "https://www.chess.com"]

[Event "Titled Tuesday Blitz December 06 Late 2022"]
[White "Santos Flores, Alberto"]
[Black "Rose, Felix"]
[WhiteFideId "3601234"]
[BlackFideId "5105722"]
[WhiteElo "2235"]
[BlackElo "2039"]
[Result "1-0"]
[Round "07"]
[TimeControl "180+1"]
[Date "2022.12.07"]
[WhiteClock "0:00:13"]
[BlackClock "0:00:02"]

1. d4 d5 2. c4 e6 3. Nf3 Nf6 4. Nc3 Be7 5. Bf4 O-O 6. e3 b6 7. cxd5 Nxd5 8. Nxd5 Qxd5 9. a3 c5 10. dxc5 Qxc5 11. Rc1 Qa5+ 12. Qd2 Qxd2+ 13. Nxd2 Bf6 14. Be2 Bb7 15. Rc7 Bxg2 16. Rg1 Bd5 17. e4 e5 18. Bg5 Bxg5 19. Rxg5 Be6 20. Rxe5 Rd8 21. Bc4 Nd7 22. Rxe6 fxe6 23. Bxe6+ Kf8 24. Bxd7 Ke7 25. Bh3+ Kf6 26. f4 Rd3 27. e5+ Kg6 28. Bg2 Kh6 29. Ne4 Rf8 30. e6 Rxf4 31. e7 Re3+ 32. Kd2 Rfxe4 33. Bxe4 Rxe4 34. Rxa7 g5 35. Rb7 g4 36. Rxb6+ Kh5 37. Rb7 h6 38. a4 Kh4 39. a5 Kh3 40. a6 Kxh2 41. a7 g3 42. a8=Q g2 43. e8=Q Rxe8 44. Qxe8 g1=Q 45. Qe2+ Kh1 46. Rb3 Qg5+ 47. Re3 Qa5+ 48. Kc2 Qa4+ 49. Kb1 1-0


[Site "https://www.chess.com"]

[Event "Titled Tuesday Blitz December 06 Late 2022"]
[White "Sarana, Alexey"]
[Black "Pultinevicius, Paulius"]
[WhiteFideId "24133795"]
[BlackFideId "12809390"]
[WhiteElo "2708"]
[BlackElo "2486"]
[Result "0-1"]
[Round "07"]
[TimeControl "180+1"]
[Date "2022.12.06"]
[WhiteClock "0:00:02"]
[BlackClock "0:00:04"]

1. d4 Nf6 2. c4 c6 3. Nc3 d5 4. Nf3 dxc4 5. a4 Bf5 6. Ne5 Nbd7 7. Nxc4 Nb6 8. Ne5 a5 9. e3 Nfd7 10. Nxf7 Kxf7 11. Qf3 Ke6 12. e4 Bg6 13. d5+ Kd6 14. Bf4+ e5 15. dxe6+ Kxe6 16. O-O-O Bb4 17. Qg4+ Kf7 18. Bc4+ Ke8 19. Bg5 Be7 20. Bxe7 Qxe7 21. Bb3 Nc5 22. Bc2 Rd8 23. f4 Nc4 24. Qg3 Ne6 25. f5 Qb4 26. Rxd8+ Nxd8 27. Nd1 Qd2+ 28. Kb1 Bf7 29. e5 Bd5 30. Rg1 Qd4 31. Re1 Nd2+ 32. Kc1 Ne4 33. Qf4 g5 34. fxg6 Rf8 35. gxh7 Rxf4 36. h8=Q+ Rf8 37. Qh5+ Bf7 38. Qh6 Nc5 39. Kb1 Nde6 40. Nc3 Nd3 41. Rd1 Nef4 42. Qg5 Qc4 43. e6 Bxe6 44. Bxd3 Nxd3 45. Qg6+ Ke7 46. Rxd3 Bf5 47. Qg5+ Rf6 48. Qg7+ Qf7 49. Qg3 Qg6 50. Qc7+ Kf8 51. Qd8+ Kg7 52. Kc2 Rd6 53. Qe7+ Kg8 0-1


[Site "https://www.chess.com"]

[Event "Titled Tuesday Blitz December 06 Late 2022"]
[White "Sargsyan, Anna M."]
[Black "Pakleza, Zbigniew"]
[WhiteFideId "13308130"]
[BlackFideId "1119290"]
[WhiteElo "2284"]
[BlackElo "2410"]
[Result "1/2-1/2"]
[Round "07"]
[TimeControl "180+1"]
[Date "2022.12.06"]
[WhiteClock "0:00:05"]
[BlackClock "0:00:01"]

1. d4 d6 2. c4 e5 3. dxe5 dxe5 4. Qxd8+ Kxd8 5. Nc3 Be6 6. b3 c6 7. Bb2 f6 8. O-O-O+ Kc7 9. e3 a5 10. Bd3 Nh6 11. Nge2 Na6 12. a3 Be7 13. h3 Nf7 14. Bc2 Nc5 15. f4 a4 16. b4 Nb3+ 17. Bxb3 axb3 18. c5 Rhd8 19. Rxd8 Rxd8 20. Rd1 Re8 21. Na4 h5 22. Nb6 Rd8 23. Rxd8 Kxd8 24. Kd2 h4 25. Nc1 exf4 26. exf4 Nh6 27. Kc3 Nf5 28. Nxb3 Bxb3 29. Kxb3 Ne3 30. Bc1 Nxg2 31. Nc4 g5 32. fxg5 fxg5 33. Ne5 Nf4 34. Bxf4 gxf4 35. Kc4 Bf6 36. Nf3 Kd7 37. a4 Ke6 38. b5 Bd8 39. b6 Kf5 40. Nd2 Bf6 41. a5 Be5 42. Nf3 Bb8 43. Nd2 Ke5 44. Kb4 Kd5 45. Nf3 Ke4 46. Nxh4 f3 47. Nxf3 Kxf3 48. h4 Kg4 49. h5 Kxh5 50. a6 bxa6 51. Ka5 Kg5 52. Kxa6 Kh5 53. Kb7 Bf4 54. Kc8 Kg6 55. b7 Kf5 56. Kd7 Ke4 57. Kxc6 Kd4 58. Kb6 Kd5 59. c6 Be3+ 60. Kb5 Bf4 61. Kb6 Be3+ 62. Ka6 Bf4 63. Kb6 1/2-1/2


[Site "https://www.chess.com"]

[Event "Titled Tuesday Blitz December 06 Late 2022"]
[White "Simonovic, Miroslav"]
[Black "Arbunic Castro, Giovanna"]
[WhiteFideId "919152"]
[BlackFideId "3400549"]
[WhiteElo "2057"]
[BlackElo "1931"]
[Result "1-0"]
[Round "07"]
[TimeControl "180+1"]
[Date "2022.12.07"]
[WhiteClock "0:01:17"]
[BlackClock "0:00:08"]

1. d4 Nf6 2. Bg5 g6 3. Bxf6 exf6 4. c4 Bg7 5. Nc3 O-O 6. g3 f5 7. e3 d6 8. Bg2 Nc6 9. Nge2 Na5 10. Qd3 c5 11. O-O Be6 12. Nd5 a6 13. a3 b5 14. b3 Rb8 15. Rab1 Qd7 16. Rfd1 bxc4 17. bxc4 Qa4 18. Rxb8 Rxb8 19. Ne7+ Kh8 20. d5 Bd7 21. Rb1 Re8 22. Nc6 Nxc6 23. dxc6 Bxc6 24. Rb6 Bxg2 25. Kxg2 Be5 26. Qd5 Kg8 27. Rb7 Qxa3 28. Qxf7+ 1-0


[Site "https://www.chess.com"]

[Event "Titled Tuesday Blitz December 06 Late 2022"]
[White "Sivakumar, Shaaketh"]
[Black "Rosen, Eric"]
[WhiteFideId "30940176"]
[BlackFideId "2032562"]
[WhiteElo "2174"]
[BlackElo "2362"]
[Result "1-0"]
[Round "07"]
[TimeControl "180+1"]
[Date "2022.12.07"]
[WhiteClock "0:00:13"]
[BlackClock "0:00:01"]

1. e4 e5 2. Nf3 Nf6 3. Nc3 Bc5 4. Bc4 Nc6 5. O-O d6 6. Na4 Bb6 7. Nxb6 axb6 8. d3 Na5 9. Bg5 h6 10. Bxf6 Qxf6 11. Bb3 Bg4 12. h3 Bxf3 13. Qxf3 Qxf3 14. gxf3 Ke7 15. Kg2 Ra7 16. Rae1 Nxb3 17. axb3 Ra2 18. Rb1 f5 19. Rfe1 f4 20. Kf1 Rf8 21. Ke2 Kf6 22. Kd2 Rfa8 23. h4 g5 24. hxg5+ hxg5 25. Rh1 Kg6 26. Rh2 Ra1 27. Rxa1 Rxa1 28. Rh8 Rf1 29. Ke2 Rc1 30. Kd2 Rf1 31. Ke2 Rb1 32. Rb8 Rxb2 33. Kd2 g4 34. fxg4 Kg5 35. Rxb7 Kxg4 36. Rxc7 Kf3 37. Rc6 Kxf2 38. Rxb6 Rb1 39. Rxd6 f3 40. Rg6 Kf1 41. d4 exd4 42. e5 f2 43. e6 Re1 44. b4 Re2+ 45. Kd1 Re5 46. Kd2 Re2+ 47. Kd1 Re1+ 48. Kd2 Re5 49. Kd3 Ke1 50. Kxd4 f1=Q 51. Kxe5 Qe2+ 52. Kf6 Qf2+ 53. Kg7 Qd4+ 54. Kf7 Qc4 55. b5 Qd5 56. b6 Qc4 57. b7 Qf4+ 58. Ke8 Qb8+ 59. Kf7 Qxb7+ 60. e7 Qd7 61. Re6+ Kd1 62. c4 Kc2 63. c5 Kc3 64. c6 Qc7 65. Kf8 Qf4+ 66. Kg7 Qg4+ 67. Kf7 Qf5+ 68. Rf6 Qd5+ 69. Kf8 Qc5 70. c7 1-0


[Site "https://www.chess.com"]

[Event "Titled Tuesday Blitz December 06 Late 2022"]
[White "Slovineanu"]
[Black "Walentukiewicz, Michal"]
[BlackFideId "1126903"]
[WhiteElo "2279"]
[BlackElo "2028"]
[Result "0-1"]
[Round "07"]
[TimeControl "180+1"]
[Date "2022.12.07"]
[WhiteClock "0:00:45"]
[BlackClock "0:02:10"]

1. d4 g6 2. e4 Bg7 3. Nc3 c5 4. dxc5 Qa5 5. Nf3 Qxc5 6. Bd2 Nf6 7. Bd3 O-O 8. O-O Nc6 9. a3 d6 10. h3 Qa5 11. Re1 a6 12. Nd5 Qd8 13. c3 Be6 14. Nxf6+ Bxf6 15. Bh6 Re8 16. Bc2 b5 17. Bb3 Bxb3 18. Qxb3 Na5 19. Qd5 Nc4 20. Re2 Qc7 21. a4 Rab8 22. Qd3 bxa4 23. Ra2 a3 24. bxa3 Ne5 25. Nxe5 Bxe5 26. c4 Rec8 27. Rec2 Rb1+ 0-1


[Site "https://www.chess.com"]

[Event "Titled Tuesday Blitz December 06 Late 2022"]
[White "Souleidis, Georgios"]
[Black "Zhigalko, Sergei"]
[WhiteFideId "4206827"]
[BlackFideId "13502956"]
[WhiteElo "2401"]
[BlackElo "2662"]
[Result "0-1"]
[Round "07"]
[TimeControl "180+1"]
[Date "2022.12.06"]
[WhiteClock "0:00:27"]
[BlackClock "0:00:06"]

1. e4 c5 2. Nf3 Nc6 3. Bc4 Nf6 4. e5 d5 5. Bb5 Nd7 6. O-O e6 7. Re1 Qc7 8. c3 a6 9. Bxc6 Qxc6 10. d4 b6 11. h4 a5 12. h5 Ba6 13. h6 gxh6 14. Nbd2 Rg8 15. Nf1 O-O-O 16. Ng3 Kb7 17. Be3 Be7 18. Qd2 Rg6 19. Bxh6 Rdg8 20. Bf4 h5 21. Nxh5 Rxg2+ 22. Kh1 R2g6 23. Ng3 Rg4 24. Kg2 Nf8 25. Rh1 Ng6 26. Be3 Nh4+ 27. Nxh4 Bxh4 28. Rh3 Qb5 29. Rah1 Bxg3 30. Rxg3 a4 31. Rh7 Qf1+ 32. Kh2 Rxg3 33. fxg3 Be2 34. dxc5 Bf3 35. Bg1 Be4 36. Qf2 Qxf2+ 37. Bxf2 Bxh7 0-1


[Site "https://www.chess.com"]

[Event "Titled Tuesday Blitz December 06 Late 2022"]
[White "Storey, Charles H"]
[Black "Aung Thant Zin"]
[WhiteFideId "406686"]
[BlackFideId "13000063"]
[WhiteElo "2251"]
[BlackElo "2278"]
[Result "1-0"]
[Round "07"]
[TimeControl "180+1"]
[Date "2022.12.07"]
[WhiteClock "0:00:15"]
[BlackClock "0:00:08"]

1. d4 Nf6 2. Bg5 e6 3. e4 d5 4. e5 Be7 5. exf6 gxf6 6. Be3 c5 7. c3 Nc6 8. Nf3 e5 9. Bb5 cxd4 10. cxd4 Qa5+ 11. Nc3 Be6 12. O-O e4 13. Nd2 O-O 14. Qh5 Rad8 15. Bxc6 bxc6 16. Ncxe4 Kh8 17. Ng3 Rg8 18. Nb3 Qc7 19. Nc5 Bg4 20. Qh6 Rg6 21. Bf4 Qc8 22. Qh4 Re8 23. Rfe1 Be6 24. Nxe6 fxe6 25. Qh3 Bb4 26. Re2 Kg8 27. a3 Ba5 28. b4 Bb6 29. Rae1 Bxd4 30. Rxe6 Rxe6 31. Qxe6+ Qxe6 32. Rxe6 c5 33. bxc5 Bxc5 34. a4 Kf7 35. Rc6 Bb6 36. Bd2 Rg4 37. a5 Bd8 38. Rd6 Rd4 39. Be3 Rd1+ 40. Nf1 Bxa5 41. Rd7+ Ke6 42. Rxa7 h5 43. Ra6+ Kf5 44. Rxa5 Ke4 45. f3+ Ke5 46. Ra4 f5 47. g3 Rb1 48. f4+ Kd6 49. Kf2 Rb2+ 50. Nd2 Kc6 51. Kf3 Rc2 52. Ra6+ Kb5 53. Rf6 d4 54. Rxf5+ Kb4 55. Bxd4 Rxd2 56. Bf2 Rd3+ 57. Ke4 Rd1 58. Rxh5 Kc4 59. Kf3 Kb4 60. Re5 Rb1 61. h4 Rh1 62. Kg4 Kc4 63. Bc5 Kd3 64. h5 Kc4 65. h6 Rxh6 66. Kg5 Rh3 67. g4 Rg3 68. f5 Rg2 69. f6 Rg3 70. f7 Rf3 71. Rf5 Rxf5+ 72. gxf5 Kxc5 73. f8=Q+ Kc6 74. f6 Kc7 75. f7 Kd7 76. Qe8+ Kc7 77. f8=Q Kb6 78. Qb4+ Kc7 79. Qee7+ Kc6 80. Qed6# 1-0


[Site "https://www.chess.com"]

[Event "Titled Tuesday Blitz December 06 Late 2022"]
[White "Suder, Jakub"]
[Black "Da Silva Junior, Sediney Mari"]
[WhiteFideId "1195310"]
[BlackFideId "2132079"]
[WhiteElo "2245"]
[BlackElo "1996"]
[Result "0-1"]
[Round "07"]
[TimeControl "180+1"]
[Date "2022.12.07"]
[WhiteClock "0:00:03"]
[BlackClock "0:00:01"]

1. d4 e6 2. c4 Nf6 3. Nc3 Bb4 4. f3 d5 5. a3 Bxc3+ 6. bxc3 O-O 7. cxd5 exd5 8. e3 Nh5 9. Ne2 Nc6 10. g3 Re8 11. Bg2 Na5 12. O-O Nc4 13. e4 Qe7 14. e5 f6 15. g4 fxe5 16. gxh5 exd4 17. Nxd4 Qh4 18. Nb5 Qd8 19. Bf4 Ne3 20. Bxe3 Rxe3 21. h6 a6 22. Qd4 Re7 23. Rae1 axb5 24. Qh4 Rd7 25. Qh5 g6 26. Qe5 Rf7 27. f4 c6 28. Rf3 Bf5 29. Bh3 Bxh3 30. Rxh3 Rxa3 31. Rg3 Qf6 32. Qb8+ Rf8 33. Qc7 Rxc3 34. Re7 Rc1+ 35. Kg2 Rc2+ 36. Kg1 Rc1+ 37. Kg2 Rc2+ 38. Kg1 Qd4+ 39. Rge3 Qd1+ 40. Re1 Qg4+ 41. Kf1 Qf3+ 42. Kg1 Qg4+ 43. Kf1 Qg2# 0-1


[Site "https://www.chess.com"]

[Event "Titled Tuesday Blitz December 06 Late 2022"]
[White "Sukandar, Irine Kharisma"]
[Black "Shapiro, Daniel"]
[WhiteFideId "7101937"]
[BlackFideId "2001780"]
[WhiteElo "2301"]
[BlackElo "2330"]
[Result "0-1"]
[Round "07"]
[TimeControl "180+1"]
[Date "2022.12.07"]
[WhiteClock "0:00:10"]
[BlackClock "0:00:06"]

1. d4 Nf6 2. Bf4 b6 3. Nc3 Bb7 4. f3 d5 5. Qd2 e6 6. e3 a6 7. g4 c5 8. h4 Nc6 9. h5 h6 10. Nge2 Rc8 11. g5 hxg5 12. Bxg5 Be7 13. dxc5 bxc5 14. Nf4 d4 15. exd4 Nxd4 16. O-O-O Bxf3 17. Bxa6 Ra8 18. Bc4 Bxh1 19. Rxh1 Nf3 20. Bb5+ Kf8 21. Qg2 Nxg5 22. Qxg5 Ne4 23. Qg2 Nxc3 24. bxc3 Bg5 25. Rf1 e5 26. Kb2 Bxf4 27. Rd1 Qb8 28. c4 Qa7 29. a4 Qa5 30. c3 Rd8 31. Rg1 Rd2+ 32. Qxd2 Bxd2 33. Rg2 Bf4 34. Kb3 Rh6 35. Re2 Rd6 36. Re1 Qd8 37. Rf1 Rd2 38. a5 Qd3 39. Rc1 Re2 40. a6 Bxc1 41. a7 Qc2# 0-1


[Site "https://www.chess.com"]

[Event "Titled Tuesday Blitz December 06 Late 2022"]
[White "Therrien, Alex L"]
[Black "D`Arruda, Ricardo D."]
[WhiteFideId "412856"]
[BlackFideId "100692"]
[WhiteElo "2214"]
[BlackElo "2461"]
[Result "0-1"]
[Round "07"]
[TimeControl "180+1"]
[Date "2022.12.07"]
[WhiteClock "0:00:01"]
[BlackClock "0:00:19"]

1. d4 Nf6 2. c4 e5 3. dxe5 Ne4 4. a3 Nc6 5. Nf3 d6 6. Qc2 d5 7. Nc3 Nxc3 8. Qxc3 d4 9. Qc2 a5 10. b3 Bc5 11. Bf4 Qe7 12. Qb2 Bg4 13. h3 Bxf3 14. exf3 Nxe5 15. Bxe5 Qxe5+ 16. Qe2 Qxe2+ 17. Bxe2 O-O-O 18. Bd3 Rhe8+ 19. Kd2 g6 20. Kc2 c6 21. Rhb1 Kc7 22. b4 axb4 23. axb4 Bf8 24. Kb3 Ra8 25. c5 b5 26. Re1 Rxe1 27. Rxe1 Kd7 28. Re4 Bg7 29. Re2 Ra1 30. Ra2 Rc1 31. Rc2 Rxc2 32. Kxc2 Bh6 33. Kb3 Bd2 34. f4 Bxf4 0-1


[Site "https://www.chess.com"]

[Event "Titled Tuesday Blitz December 06 Late 2022"]
[White "Tirelli, Mauro"]
[Black "Ardila, Oscar Humberto"]
[WhiteFideId "845353"]
[BlackFideId "4404742"]
[WhiteElo "2152"]
[BlackElo "1961"]
[Result "0-1"]
[Round "07"]
[TimeControl "180+1"]
[Date "2022.12.07"]
[WhiteClock "0:01:58"]
[BlackClock "0:02:04"]

1. d4 Nf6 2. c4 e6 3. Nf3 Bb4+ 4. Bd2 Qe7 5. g3 O-O 6. Bg2 a5 7. O-O Bxd2 8. Nbxd2 d6 9. Qc2 Nbd7 10. e4 e5 11. Rfe1 b6 12. Rad1 Bb7 13. d5 Nc5 14. b3 h6 15. Nh4 g6 16. Rf1 Ng4 17. Rde1 Kh7 18. h3 Nf6 19. f4 Nh5 20. f5 Nxg3 21. f6 Qd8 0-1


[Site "https://www.chess.com"]

[Event "Titled Tuesday Blitz December 06 Late 2022"]
[White "Tomaszewski, Kacper"]
[Black "O`Gorman, Tom"]
[WhiteFideId "1127373"]
[BlackFideId "2508249"]
[WhiteElo "2211"]
[BlackElo "2271"]
[Result "0-1"]
[Round "07"]
[TimeControl "180+1"]
[Date "2022.12.07"]
[WhiteClock "0:00:55"]
[BlackClock "0:01:39"]

1. Nf3 Nf6 2. c4 g6 3. Nc3 Bg7 4. e4 d6 5. d4 O-O 6. Be2 e5 7. dxe5 dxe5 8. Qxd8 Rxd8 9. Bg5 Re8 10. Nd5 Nxd5 11. cxd5 c6 12. Bc4 cxd5 13. Bxd5 Nd7 14. Nd2 Nb6 15. Bb3 Be6 16. Be3 Bf8 17. Rc1 Bxb3 18. Nxb3 Rac8 19. Bxb6 axb6 20. Ke2 Bh6 21. Rxc8 Rxc8 22. Kd3 Kf8 23. Rd1 Ke7 24. g4 Bf4 25. h3 Kf6 26. f3 Kg5 27. h4+ Kxh4 28. Rh1+ Kg3 29. Rxh7 Rc7 30. Ke2 Rc2+ 31. Kd3 Rxb2 32. Rxf7 Rxa2 33. Rxb7 Kxf3 34. Rxb6 g5 35. Nc5 Kxg4 36. Nd7 Rd2+ 0-1


[Site "https://www.chess.com"]

[Event "Titled Tuesday Blitz December 06 Late 2022"]
[White "Toncheva, Nadya"]
[Black "Rodriguez Santiago, Jaime"]
[WhiteFideId "2924056"]
[BlackFideId "3100898"]
[WhiteElo "2101"]
[BlackElo "2025"]
[Result "1-0"]
[Round "07"]
[TimeControl "180+1"]
[Date "2022.12.07"]
[WhiteClock "0:00:07"]
[BlackClock "0:00:25"]

1. d4 Nf6 2. c4 e6 3. Nc3 d5 4. cxd5 Nxd5 5. Bd2 c5 6. Nf3 Nc6 7. e4 Nxc3 8. Bxc3 cxd4 9. Nxd4 Nxd4 10. Qxd4 Qxd4 11. Bxd4 Bb4+ 12. Ke2 O-O 13. Ke3 b6 14. a3 Be7 15. Rc1 Rd8 16. f4 Bd7 17. Be2 Rac8 18. Ba6 Rc6 19. Rxc6 Bxc6 20. Rc1 Be8 21. Rc7 Bd6 22. Rxa7 Kf8 23. Bxb6 Rb8 24. Bd4 Rb3+ 25. Ke2 Bxf4 26. Bc5+ Kg8 27. Bd4 h5 28. Bc4 Rb8 29. b4 Bxh2 30. Ra5 g6 31. Be5 Bxe5 32. Rxe5 Ra8 33. Rc5 Kg7 34. b5 Rxa3 35. b6 Ra8 36. b7 Rb8 37. Ba6 Bd7 38. Rc7 Bb5+ 39. Bxb5 Kf6 40. Bc6 Ke5 41. Rc8 Rxb7 42. Bxb7 f5 43. exf5 g5 44. fxe6 Kxe6 45. Rh8 Kf5 46. Rxh5 Kg4 47. Rxg5+ 1-0


[Site "https://www.chess.com"]